 Dungeon Crawl Stone Soup version 0.28.0 (webtiles) character file.

Game seed: 2509750758904678522

33 themarg the Transmogrifier (level 3, -1/25 HPs)
             Began as a Gnoll Wanderer on Feb 5, 2022.
             Slain by a kobold (4 damage)
             ... on level 2 of the Dungeon.
             The game lasted 00:09:59 (2088 turns).

themarg the Transmogrifier (Gnoll Wanderer)         Turns: 2088, Time: 00:10:00

Health: -1/25      AC:  7    Str:  9    XL:     3   Next: 29%
Magic:  9/9        EV:  8    Int: 18    God:
Gold:   63         SH:  0    Dex:  8    Spells: 11/12 levels left

rFire   . . .      SeeInvis .   a - +0 club
rCold   . . .      Faith    .   (no shield)
rNeg    . . .      Spirit   .   b - +0 scale mail
rPois   .          Reflect  .   (no helmet)
rElec   .          Harm     .   (no cloak)
rCorr   .          Rampage  .   (no gloves)
Will    .....                   h - +0 pair of boots
Stlth   ..........              (no amulet)
HPRegen 0.08/turn               (no ring)
MPRegen 0.11/turn               (no ring)

@: no status effects
A: fangs 1, strong nose, distributed training
a: no special abilities


You were on level 2 of the Dungeon.
You visited 1 branch of the dungeon, and saw 2 of its levels.

You collected 63 gold pieces.

Inventory:

Hand Weapons
 a - a +0 club (weapon)
 f - a +0 long sword
 m - the +6 trident "Salaluro" {flame, rPois rC+ Will-}
   (You found it on level 2 of the Dungeon)

   It burns those it strikes, dealing additional fire damage.
   rC:        It protects you from cold.
   rPois:     It protects you from poison.
   Will:      It decreases your willpower.
Missiles
 c - 3 boomerangs (quivered)
Armour
 b - a +0 scale mail (worn)
 h - a +0 pair of boots (worn)
Jewellery
 i - a ring of resist corrosion
 n - an amulet of magic regeneration
Scrolls
 d - a scroll of enchant armour {unknown}
 g - a scroll of identify {unknown}
 k - a scroll of immolation {unknown}
 l - a scroll of vulnerability {unknown}
Potions
 e - a potion of resistance
 j - a potion of degeneration {unknown}


   Skills:
 + Level 0.7 Fighting
 + Level 0.7 Short Blades
 + Level 0.7 Long Blades
 + Level 0.7 Axes
 + Level 0.7 Maces & Flails
 + Level 0.7 Polearms
 + Level 0.7 Staves
 + Level 0.7 Slings
 + Level 0.7 Bows
 + Level 0.7 Crossbows
 + Level 0.7 Throwing
 + Level 2.6 Armour
 + Level 2.6 Dodging
 + Level 0.7 Stealth
 + Level 0.7 Shields
 + Level 0.7 Unarmed Combat
 + Level 5.0 Spellcasting
 + Level 0.5 Conjurations
 + Level 0.5 Hexes
 + Level 0.5 Summonings
 + Level 0.5 Necromancy
 + Level 2.1 Translocations
 + Level 8.7 Transmutations
 + Level 0.5 Fire Magic
 + Level 0.5 Ice Magic
 + Level 0.5 Air Magic
 + Level 0.5 Earth Magic
 + Level 0.5 Poison Magic
 + Level 0.9 Invocations
 + Level 0.7 Evocations


You had 11 spell levels left.
You knew the following spells:

 Your Spells              Type           Power      Damage    Failure   Level
a - Sting                 Tmut/Pois      84%        1d7       16%         1

Your spell library contained the following spells:

 Spells                   Type           Power      Damage    Failure   Level
 Passwall                 Tmut/Erth      17%        N/A       22%         2
 Apportation              Tloc           24%        N/A       38%         1
 Spider Form              Tmut/Pois      21%        N/A       41%         3
 Lesser Beckoning         Tloc           12%        N/A       77%         3


Dungeon Overview and Level Annotations

Branches:
Dungeon (2/15)

Altars:


Innate Abilities, Weirdness & Mutations

You have very sharp teeth.
Your uncanny sense of smell can sniff out nearby items.
Your experience applies equally to all skills.


Message History

HP restored.
You climb downwards.
The kobold hits you but does no damage.
The endoplasm hits you but does no damage.
The goblin hits you with a +0 club.
The kobold hits you with a +0 short sword.
The endoplasm closely misses you.
There is a stone staircase leading up here.
You hit the goblin.
The goblin is heavily wounded.
The goblin barely misses you. The kobold misses you. The endoplasm freezes you.
You are frozen.
The goblin closely misses you.
You hit the goblin.
You kill the goblin!
The kobold closely misses you. The endoplasm closely misses you.
The kobold barely misses you. The goblin closely misses you.
You barely miss the kobold. Your punch misses the kobold.
You bite the kobold, but do no damage.
The kobold hits you with a +0 short sword.
The endoplasm freezes you.
You are frozen.
The goblin hits you but does no damage. The kobold completely misses you.
You hit the endoplasm.
The endoplasm is heavily wounded.
The endoplasm freezes you.
You are frozen.
The goblin barely misses you.
The kobold hits you with a +0 short sword.
* * * LOW HITPOINT WARNING * * *
You hit the endoplasm.
You kill the endoplasm!
The goblin hits you with a +0 dagger.
* * * LOW HITPOINT WARNING * * *
The kobold hits you with a +0 short sword.
* * * LOW HITPOINT WARNING * * *
The kobold hits you but does no damage.
There is a stone staircase leading up here.
You can't go down here!
The goblin barely misses you.
The kobold hits you with a +0 short sword.
You die...

....#..................#
..#.#####..............#
.......................#
.......................#
.........#...........<##
##...######........†...#
.###....#
###.#.######..#
......#.#####.#g### #.#
...............K@.# .#
........###......)# .#
........# #.......# .
........# ####.#### .
........## #.#
.........# #.#
.......#..# ..#
........#.# ###
............ ∆


You could see a goblin and a kobold.

Vanquished Creatures
  A dart slug (D:1)
  2 endoplasms
  5 goblins
  3 hobgoblins
  2 jackals (D:2)
  6 kobolds
  2 ball pythons (D:1)
  4 bats
  2 frilled lizards
  3 rats
30 creatures vanquished.

Notes
Turn   | Place    | Note
-------+----------+-------------------------------------------
     0 | D:1      | themarg the Gnoll Wanderer began the quest for the Orb.
     0 | D:1      | themarg set off with the following items: a +0 club, a +0
                  | scale mail; and the following spells available to memorise:
                  | Sting, Passwall, Apportation, Spider Form, Lesser Beckoning
     0 | D:1      | Reached XP level 1. HP: 13/13 MP: 6/6
     2 | D:1      | Learned a level 1 spell: Sting
   589 | D:1      | Reached XP level 2. HP: 15/19 MP: 5/7
  1494 | D:2      | Reached XP level 3. HP: 22/25 MP: 5/9
  1555 | D:2      | Reached skill level 5 in Spellcasting
  1751 | D:2      | Identified the +6 trident "Salaluro" {flame, rPois rC+
                  | Will-}
  2088 | D:2      | Slain by a kobold

Illustrated notes

Levels and vault maps discovered:
D:1:      psy_arrival_radial01, layout_loops_ring, dk_noncrumbling_3,
          minmay_tromino_v4_b
D:2:      layout_rooms, basic_ecumenical_altar, amethyst_killhole,
          lemuel_old_faithful, uniq_robin, uniq_terence

Skill      XL: |  1  2  3 |
---------------+----------+-----
Translocations | 2 |  2.1
Spellcasting   | 5 |  5.0
Fighting       | |  0.7
Short Blades   | |  0.7
Long Blades    | |  0.7
Axes           | |  0.7
Maces & Flails | |  0.7
Polearms       | |  0.7
Staves         | |  0.7
Slings         | |  0.7
Bows           | |  0.7
Crossbows      | |  0.7
Throwing       | |  0.7
Armour         | |  2.6
Dodging        | |  2.6
Stealth        | |  0.7
Shields        | |  0.7
Unarmed Combat | |  0.7
Conjurations   | |  0.5
Hexes          | |  0.5
Summonings     | |  0.5
Necromancy     | |  0.5
Transmutations | |  8.7
Fire Magic     | |  0.5
Ice Magic      | |  0.5
Air Magic      | |  0.5
Earth Magic    | |  0.5
Poison Magic   | |  0.5
Invocations    | |  0.9
Evocations     | |  0.7

Action                   || total
-------------------------++-------
Melee: Club              ||   117
       Bite              ||    10
       Punch             ||     2
 Cast: Sting             ||    12
  Use: Potion            ||     1
Armor: Scale mail        ||   104
Dodge: Dodged            ||    96
